 Dungeon Crawl Stone Soup version 0.28.0 (webtiles) character file.

Game seed: 2949310619668805789

779 Sharkman1231 the Twirler (level 7, 0/82 HPs)
             Began as a Demonspawn Gladiator on Feb 10, 2022.
             Slain by a gnoll (4 damage)
             ... on level 5 of the Dungeon on Feb 14, 2022.
             The game lasted 00:05:20 (4188 turns).

Sharkman1231 the Twirler (Demonspawn Gladiator)     Turns: 4188, Time: 00:05:21

Health: 0/82       AC: 23    Str: 14    XL:     7   Next: 54%
Magic:  0/7        EV:  2    Int: 15    God:
Gold:   169        SH:  4    Dex: 17    Spells: 6/6 levels left

rFire   . . .      SeeInvis .   b - +2 flail (venom)
rCold   . . .      Faith    .   (no shield)
rNeg    . . .      Spirit   +   (armour currently unavailable)
rPois   +          Reflect  .   (helmet currently unavailable)
rElec   .          Harm     .   (cloak currently unavailable)
rCorr   .          Rampage  .   (gloves currently unavailable)
Will    .....      NoTele   +   (boots currently unavailable)
Stlth   ++........              q - amulet of regeneration
HPRegen 1.03/turn               l - +4 ring of evasion
MPRegen 0.20/turn               r - +6 ring of intelligence

@: tree-form
A: stationary, stasis, torment immunity, boosted hp, (horns 2), magic shield,
magic regeneration, condensation shield
a: no special abilities


You were on level 5 of the Dungeon.
You were a tree.
You visited 1 branch of the dungeon, and saw 5 of its levels.
You also visited: Sewer.

You collected 169 gold pieces.

Inventory:

Hand Weapons
 a - a +0 quarterstaff
 b - a +2 flail of venom (weapon)
Missiles
 d - 3 throwing nets (quivered)
Armour
 c - a +0 leather armour (melded)
Jewellery
 l - a +4 ring of evasion (left branch)
 q - an amulet of regeneration (around neck)
 r - a +6 ring of intelligence (right branch)
Scrolls
 h - a scroll of fog {unknown}
 k - a scroll of vulnerability
 s - a scroll of acquirement {unknown}
Potions
 e - a potion of curing
 f - 2 potions of lignification
 g - 2 potions of heal wounds {unknown}
 j - a potion of attraction {unknown}
 m - a potion of resistance {unknown}
 n - a potion of cancellation {unknown}
 o - a potion of degeneration {unknown}
 p - a potion of mutation {unknown}
 t - a potion of brilliance {unknown}


   Skills:
 + Level 4.5 Fighting
 * Level 6.1 Staves
 - Level 1.7 Throwing
 + Level 4.6 Dodging


You had 6 spell levels left.
You didn't know any spells.
Your spell library contained the following spells:

 Spells                   Type           Power      Damage    Failure   Level
 Apportation              Tloc           0%         N/A       26%         1
 Alistair's Intoxication  Tmut/Pois      0%         N/A       100%        5


Dungeon Overview and Level Annotations

Branches:
Dungeon (4/15)              Sewer (visited)
 Temple: D:4-7

Altars:


Innate Abilities, Weirdness & Mutations

You are a tree.
Your roots penetrate the ground, keeping you stationary.
You cannot be teleported.
You are immune to unholy pain and torment.
Your maximum health is greatly increased.
Your equipment is partially melded.
((You have a pair of horns on your head.))
When hurt, damage is shared between your health and your magic reserves.
You regenerate magic rapidly.
A meltable shield of frost defends you. (SH +4)


Message History

A howler monkey zombie comes into view.
You block the ufetubus's attack. x2
The howler monkey zombie closely misses you.
The ufetubus barely misses you.
The ufetubus hits you but does no damage.
The howler monkey zombie hits you.
* * * LOW HITPOINT WARNING * * *
You see here a scroll labelled XUOMUTS PIEHOFUQ.
Found a book of Debilitation.
Found a ring mail.
You block the ufetubus's attack. The ufetubus hits you.
* * * LOW HITPOINT WARNING * * *
As you read the scroll of teleportation, it crumbles to dust.
You feel strangely unstable. The ufetubus completely misses you.
You block the ufetubus's attack. The ufetubus completely misses you.
The ufetubus barely misses you.
Unknown command.
Your surroundings suddenly seem different.
A gnoll shaman, 5 gnolls and an ogre come into view.
Found an escape hatch in the floor.
The gnoll shouts! x3; The gnoll shaman shouts!
The gnoll shouts! x2
The ogre shouts!
The gnoll misses you. The gnoll closely misses you.
The gnoll hits you from afar with a +0 halberd!
* * * LOW HITPOINT WARNING * * *
Unknown command.
It was a potion of lignification.
You turn into a tree.
Your +0 leather armour melds into your body.
Your roots penetrate the ground.
You block the gnoll's attack. The gnoll hits you with a +0 halberd.
* * * LOW HITPOINT WARNING * * *
The gnoll hits you but does no damage. x2
The gnoll shaman hits you but does no damage.
Unknown command.
It was a potion of curing.
You feel better. The gnoll hits you but does no damage.
The gnoll hits you with a +0 halberd.
* * * LOW HITPOINT WARNING * * *
The gnoll hits you with a +0 halberd.
* * * LOW HITPOINT WARNING * * *
The gnoll hits you with a +0 whip.
You die...

... ...#########
...........#
...O.......##.....(#
..>........##......#
#.......# #......####
#...ggg.# #...........
#....♣g.# #.......^...
#...g..g# #...........
###########.......?...
#...............
#.##............
#.#.............
#...##...###...
#.W###.#.# # #
#..###...#.#.


You could see an ogre, a gnoll shaman and 5 gnolls.

Vanquished Creatures
  Sigmund (D:4)
  Edmund (D:4)
  A water moccasin (Sewer)
  A scorpion (D:4)
  2 orc priests
  A bullfrog skeleton (D:4)
  An iguana (D:5)
  2 orc wizards
  A hound zombie (D:5)
  2 hound skeletons (D:4)
  3 gnolls
  4 adders
  A worm (D:2)
  A dart slug (D:4)
  10 orcs
  2 ball pythons
  3 endoplasms
  4 giant cockroaches
  6 goblins
  5 hobgoblins
  5 jackals
  5 kobolds
  4 quokkas
  3 bats
  A frilled lizard (D:3)
  3 rats
73 creatures vanquished.

Notes
Turn   | Place    | Note
-------+----------+-------------------------------------------
     0 | D:1      | Sharkman1231 the Demonspawn Gladiator began the quest for
                  | the Orb.
     0 | D:1      | Reached XP level 1. HP: 16/16 MP: 1/1
   685 | D:1      | Reached skill level 3 in Staves
   685 | D:1      | Gained mutation: You regenerate magic rapidly. [demonic
                  | ancestry]
   685 | D:1      | Reached XP level 2. HP: 17/22 MP: 2/2
  1133 | D:2      | Found a faded altar of an unknown god.
  1347 | D:2      | Reached XP level 3. HP: 16/28 MP: 3/3
  2323 | D:2      | Found a faded altar of an unknown god.
  2628 | D:2      | Gained mutation: A meltable shield of frost defends you.
                  | (SH +4) [demonic ancestry]
  2628 | D:2      | Reached XP level 4. HP: 23/34 MP: 4/4
  3406 | D:3      | Reached skill level 4 in Staves
  3412 | D:3      | Gained mutation: When hurt, damage is shared between your
                  | health and your magic reserves. [demonic ancestry]
  3412 | D:3      | Reached XP level 5. HP: 25/41 MP: 5/5
  3621 | D:4      | Gained mutation: You have a pair of small horns on your
                  | head. [demonic ancestry]
  3621 | D:4      | Reached XP level 6. HP: 47/47 MP: 6/6
  3743 | D:4      | Reached skill level 5 in Staves
  3851 | D:4      | Noticed Sigmund
  3868 | D:4      | Killed Sigmund
  3869 | D:4      | Gained mutation: You have a pair of horns on your head.
                  | [demonic ancestry]
  3869 | D:4      | Reached XP level 7. HP: 45/54 MP: 5/7
  3891 | D:4      | Noticed Edmund
  3906 | D:4      | Killed Edmund
  3935 | D:4      | Found a glowing drain.
  3946 | Sewer    | Entered a sewer
  4008 | Sewer    | Reached skill level 6 in Staves
  4153 | D:4      | You fall into a shaft and drop 1 floor!
  4153 | D:5      | Entered Level 5 of the Dungeon
  4187 | D:5      | HP: 4/82 [gnoll (3)]
  4188 | D:5      | Slain by a gnoll

Illustrated notes

Levels and vault maps discovered:
D:1:      minmay_arrival_cross, layout_loops_ring, grunt_decor_mini_mirrors,
          nicolae_figureground_sparkle
D:2:      layout_basic, hellmonk_ecumenical_altar_lost_god
D:3:      layout_basic
D:4:      minmay_door_path, layout_basic, gup_sewer_entry_pipe,
          palyth_stone_intersect, uniq_edmund, uniq_sigmund
D:5:      layout_basic, kennysheep_mini, minmay_starry_boxes

Skill      XL: |  1  2  3  4  5  6  7 |
---------------+----------------------+-----
Staves         | 3 4 5 6 |  6.1
Dodging        | 3 4 |  4.6
Fighting       | 3 4 |  4.5
Throwing       | |  1.7

Action                   |  1- 3 |  4- 6 |  7- 9 || total
-------------------------+-------+-------+-------++-------
Melee: Quarterstaff      |    78 |   130 |    13 ||   221
       Headbutt          |       |     6 |    12 ||    18
       Flail             |       |       |    33 ||    33
       Punch             |       |       |     1 ||     1
  Use: Scroll            |       |     3 |     1 ||     4
       Potion            |       |       |     2 ||     2
 Stab: Distracted        |       |     1 |     1 ||     2
Armor: Leather armour    |    17 |     9 |     6 ||    32
       Skin              |       |       |     4 ||     4
Dodge: Dodged            |    54 |    88 |    48 ||   190
Block: Other             |       |    16 |    18 ||    34
